Map: Heavy Artillery LE

Players

Massa

  • Race: Terran Terran
  • League: Platinum
  • Spawn Location: 7:00

qqq

  • Race: Zerg Zerg
  • Spawn Location: 7:00

BUCS - Winner!

  • Race: Zerg Zerg
  • League: Platinum
  • Spawn Location: 3:00

Johndave - Winner!

  • Race: Protoss Protoss
  • Spawn Location: 1:00

VOD

Have the link to the VOD?

Description

Time

  • Played on: Oct. 13, 2020, 7:09 a.m.
  • Length: 18:18
Show
View Real Time Build Order
Export as new Build Order

Massa Terran 

Build Orders: Gas First Reaper Expand 

Get SALT Encoding   

  12  0:00  SCV  
  13  0:12  SCV  
  14  0:23  Supply Depot  
  14  0:24  SCV  
  15  0:30  Refinery  
  15  0:45  SCV  
  15  0:46  Barracks  
  17  0:57  SCV  
  17  1:09  SCV  
  18  1:21  SCV  
  19  1:33  Orbital Command  
  19  1:34  Reaper  
  20  1:47  Command Center  
  20  2:01  SCV  
  20  2:06  Marine  
  20  2:07  Factory  
  22  2:23  SCV  
  23  2:56  Barracks Reactor  
  23  2:59  Widow Mine  
  23  3:01  Supply Depot  
  25  3:06  SCV  
  25  3:09  Orbital Command  
  26  3:18  SCV, Supply Depot  
  27  3:20  Widow Mine  
  29  3:30  SCV  
  29  3:31  Supply Depot  
  29  3:36  Marine x2  
  29  3:40  SCV  
  32  3:41  Widow Mine  
  32  3:42  SCV  
  32  3:46  Starport, Barracks  
  35  3:52  SCV  
  35  3:54  SCV, Marine x2  
  39  4:04  SCV  
  39  4:07  SCV  
  41  4:13  Factory Tech Lab  
  41  4:14  Marine x2  
  41  4:15  Refinery  
  41  4:17  SCV  
  44  4:19  SCV  
  45  4:27  Engineering Bay  
  45  4:29  SCV  
  46  4:32  Marine x2, Command Center  
  48  4:42  Siege Tank  
  51  4:48  Medivac  
  51  4:50  Barracks Tech Lab, Marine x2  
  55  5:07  Marine  
  55  5:08  Marine  
  56  5:25  Marine  
  56  5:31  Marine, Siege Tank  
  58  5:43  Marine  
  58  5:45  Marauder  
  58  5:49  Marine  
  62  5:54  Refinery  
  62  5:58  Orbital Command  
  62  6:01  Marine  
  62  6:02  SCV x2  
  65  6:07  Marauder, Marine  
  68  6:14  SCV x2  
  68  6:26  SCV  
  68  6:27  Stimpack  
  68  6:28  Marauder, Siege Tank  
  68  6:29  Marine x2  
  76  6:41  Refinery  
  76  6:47  Marine  
  77  6:59  Supply Depot  
  77  7:14  Orbital Command  
  77  7:20  Marine x2  
  77  7:21  Marauder, Supply Depot  
  78  7:33  Siege Tank  
  76  7:38  Marine x2  
  76  7:42  SCV x3, Marauder  
  83  7:44  Supply Depot  
  83  7:45  Terran Infantry Weapons Level 1  
  83  7:48  Armory  
  83  7:50  Engineering Bay  
  83  7:51  Medivac  
  83  7:54  SCV x3  
  83  7:56  Marine x2  
  90  8:03  Marauder  
  92  8:06  SCV x3, Combat Shield, Siege Tank  
  92  8:07  Supply Depot  
  98  8:14  Marine x2  
  98  8:18  SCV  
  98  8:19  Missile Turret  
  101  8:22  Missile Turret  
  101  8:26  Supply Depot x2  
  101  8:27  Terran Infantry Armor Level 1, Supply Depot  
  101  8:28  SCV x2  
  101  8:29  Marauder, Liberator, Supply Depot x2  
  101  8:30  SCV  
  109  8:47  SCV x3  
  112  8:50  Marauder, Supply Depot x2  
  112  8:52  Supply Depot  
  112  8:53  Supply Depot  
  112  8:54  Marine x2  
  116  8:58  Barracks  
  116  8:59  SCV  
  116  9:00  Barracks  
  117  9:11  Marauder, Supply Depot  
  117  9:12  Marine  
  117  9:16  Supply Depot  
  120  9:33  Marauder  
  120  9:35  Supply Depot  
  120  9:38  SCV x3  
  113  9:40  Supply Depot  
  115  9:46  Barracks Tech Lab  
  115  9:50  Starport Tech Lab, SCV x3  
  118  9:53  Refinery  
  118  9:54  Marauder  
  118  9:55  Refinery  
  120  10:01  Terran Infantry Weapons Level 2, Command Center  
  120  10:02  SCV x2  
  120  10:03  Terran Vehicle And Ship Armor Level 1  
  120  10:04  Command Center  
  122  10:16  Siege Tank  
  122  10:19  Concussive Shells  
  122  10:20  Barracks Reactor  
  127  10:21  Marauder x2  
  127  10:22  Marine  
  127  10:23  Marine  
  127  10:27  Smart Servos  
  131  10:40  Marine x2  
  135  10:43  Marauder x2  
  135  10:48  Siege Tank  
  140  10:58  Marine x2  
  144  11:04  Marauder x2  
  146  11:15  Marine  
  146  11:16  Marine  
  150  11:25  Marauder  
  150  11:26  Marauder  
  127  11:36  Banshee  
  122  11:46  Marine x6  
  107  12:04  Marine x4  
  107  12:05  Marauder x2  
  113  12:19  Banshee  
  113  12:22  Marine x4  
  120  12:26  Marauder x2  
  110  12:39  Marine  
  110  12:40  Marine x3  
  98  12:47  Marauder  
  98  12:48  Marauder  
  102  12:57  Marine  
  102  12:58  Marine x3  
  103  13:01  Missile Turret  
  103  13:02  Banshee, Siege Tank  
  103  13:03  Missile Turret x2  
  108  13:09  Marauder x2  
  108  13:15  Marine x3  
  108  13:19  Orbital Command  
  93  13:23  Orbital Command, Marine, Missile Turret  
  80  13:30  Marauder x2  
  77  13:34  Siege Tank  
  77  13:39  Marine x2  
  64  13:45  Banshee  
  58  13:51  Marauder  
  52  14:09  Barracks  
  47  14:10  Terran Infantry Armor Level 2, Terran Infantry Weapons Level 3, Barracks, Terran Vehicle Weapons Level 1  
  47  14:11  Orbital Command, Barracks  
  47  14:12  Barracks  
  47  14:13  Barracks, Marauder  
  47  14:14  Barracks  
  24  14:40  Orbital Command  
  24  14:43  Viking  
  23  15:03  Marine x2  
  23  15:04  Marine x4  
  29  15:13  Viking  
  31  15:21  Marine x6  
  37  15:39  Marine x6  
  43  15:43  Viking  
  45  15:56  Marine  
  42  15:57  Marine x5  
  47  16:14  Banshee, Marine  
  47  16:15  Marine x5  
  56  16:20  SCV x2  
  58  16:32  SCV, Marine  
  59  16:33  SCV, Marine x4  
  65  16:46  Factory  
  65  16:47  Barracks  
  65  16:50  Marine x2  
  65  16:51  Supply Depot x2  
  65  16:52  Factory, Supply Depot  
  65  16:53  Supply Depot x3  
  65  16:54  Supply Depot  
  67  16:55  Refinery  
  67  17:15  Viking  
  66  17:24  Barracks Tech Lab x2  
  66  17:25  Barracks Tech Lab  
  66  17:33  Factory  
  66  17:34  Factory Tech Lab  
  64  17:38  Factory Tech Lab  
  60  17:45  Viking  
Show
View Real Time Build Order
Export as new Build Order

qqq Zerg 

Build Orders: Hatch First, Lurkers, Zergling Baneling 

Get SALT Encoding   

  12  0:01  Drone  
  13  0:09  Drone  
  14  0:34  Hatchery  
  13  0:38  Drone  
  14  0:57  Spawning Pool  
  14  1:03  Overlord  
  13  1:07  Drone  
  14  1:12  Extractor  
  14  1:14  Drone  
  14  1:21  Drone  
  15  1:28  Drone  
  16  1:36  Drone  
  17  1:46  Queen  
  19  1:49  Drone  
  20  2:00  Drone x2  
  22  2:01  Drone  
  23  2:08  Drone  
  23  2:14  Spine Crawler  
  23  2:23  Drone  
  23  2:25  Queen  
  26  2:33  Extractor  
  26  2:34  Zergling x2  
  26  2:35  Zergling x2, Overlord  
  28  2:39  Metabolic Boost  
  28  2:45  Baneling Nest  
  28  2:46  Drone  
  28  2:51  Overlord  
  28  2:54  Drone  
  29  3:00  Zergling x2  
  29  3:03  Drone x2  
  32  3:07  Zergling x2  
  33  3:23  Zergling x6  
  33  3:24  Drone  
  37  3:33  Baneling  
  37  3:34  Baneling x2  
  37  3:36  Drone  
  38  3:41  Drone  
  38  3:44  Drone x2  
  38  3:46  Zergling x2  
  43  3:48  Zergling x2  
  43  3:52  Hatchery  
  42  4:02  Zergling x2  
  42  4:03  Zergling x2  
  42  4:05  Overlord x2  
  43  4:15  Baneling x3  
  43  4:17  Baneling  
  43  4:18  Overlord x2  
  43  4:26  Lair  
  43  4:27  Zergling x6  
  43  4:29  Drone  
  42  4:51  Zergling x4  
  42  4:52  Zergling x2  
  43  4:53  Baneling x2  
  43  4:56  Zergling x4  
  43  4:57  Drone x3, Zergling x2  
  43  4:58  Zergling x6  
  52  5:04  Roach Warren  
  51  5:10  Drone x2  
  51  5:12  Evolution Chamber  
  51  5:13  Queen  
  54  5:15  Drone  
  54  5:17  Zergling x2  
  54  5:43  Zerg Melee Weapons Level 1  
  54  5:44  Roach  
  54  5:45  Roach x3  
  54  5:49  Drone x5  
  68  5:50  Drone x4  
  71  5:59  Extractor  
  71  6:01  Extractor  
  71  6:03  Drone  
  71  6:04  Drone  
  71  6:07  Zergling x6  
  74  6:12  Overlord x3  
  74  6:31  Drone x2  
  74  6:32  Roach  
  78  6:41  Roach x4  
  78  6:42  Roach x3  
  78  6:44  Drone x5  
  97  6:59  Hydralisk Den  
  96  7:03  Roach  
  96  7:06  Overlord  
  96  7:07  Overlord x3  
  98  7:19  Hatchery  
  97  7:24  Drone  
  97  7:25  Drone x2  
  97  7:26  Infestation Pit  
  99  7:30  Zergling x6  
  99  7:31  Drone x3  
  99  7:36  Drone  
  106  7:37  Extractor  
  106  7:38  Zerg Missile Weapons Level 1  
  106  7:39  Extractor  
  106  7:41  Extractor  
  106  7:43  Hydralisk x3  
  109  7:46  Drone  
  110  8:04  Zergling x6  
  110  8:05  Lurker Den, Zergling x8  
  116  8:06  Drone x2  
  116  8:09  Baneling x4  
  116  8:10  Baneling  
  116  8:11  Drone x2  
  116  8:12  Drone  
  121  8:23  Drone, Spore Crawler  
  121  8:26  Hydralisk  
  121  8:29  Hydralisk x3  
  121  8:31  Overlord  
  121  8:33  Drone x2  
  131  8:35  Overlord x2  
  131  8:36  Zergling x2  
  131  8:37  Zergling x2  
  133  8:50  Evolution Chamber, Hive  
  133  8:51  Hydralisk x2  
  133  8:53  Drone x4  
  133  8:54  Drone x2  
  142  9:00  Muscular Augments  
  142  9:05  Lurker  
  142  9:08  Drone  
  144  9:11  Extractor  
  144  9:12  Extractor  
  143  9:17  Drone x2  
  143  9:20  Drone x5  
  143  9:22  Hydralisk  
  143  9:23  Hydralisk x4  
  159  9:26  Lurker  
  159  9:27  Overlord x2  
  160  9:32  Zerg Ground Armor Level 1  
  160  9:38  Zerg Missile Weapons Level 2  
  160  9:44  Overlord  
  160  9:45  Overlord x2  
  160  9:47  Overlord x2  
  160  9:48  Drone x5  
  160  9:49  Drone x2  
  167  9:58  Lurker x2  
  169  10:06  Seismic Spines  
  169  10:08  Drone x5  
  174  10:16  Drone  
  175  10:32  Lurker  
  175  10:33  Lurker x4  
  180  10:40  Drone x2  
  182  10:52  Hatchery  
  182  10:55  Hatchery  
  180  10:57  Spore Crawler  
  180  11:03  Adaptive Talons  
  166  11:26  Zerg Melee Weapons Level 2  
  166  11:27  Hatchery  
  86  11:51  Hydralisk x7  
  86  11:52  Hydralisk x2  
  86  11:53  Hydralisk x3, Roach x5  
  86  11:54  Hydralisk x7, Roach  
  118  11:55  Hydralisk x5  
  146  12:03  Hydralisk x2  
  146  12:05  Drone  
  151  12:10  Ultralisk Cavern  
  151  12:11  Zerg Missile Weapons Level 3  
  151  12:13  Hydralisk x4  
  158  12:19  Lurker  
  158  12:22  Drone x3  
  162  12:23  Zergling x16  
  162  12:24  Zergling x8  
  174  12:30  Drone x2  
  141  13:19  Hydralisk x4  
  133  13:20  Hydralisk  
  133  13:21  Ultralisk x4  
  133  13:22  Ultralisk  
  133  13:24  Drone x2  
  133  13:25  Zergling x14  
  158  13:41  Hydralisk x5, Ultralisk  
  157  13:42  Zergling x4  
  157  13:43  Zergling x4  
  161  13:52  Drone  
  161  13:53  Drone, Hydralisk  
  161  13:54  Zergling x4, Ultralisk  
  169  14:01  Anabolic Synthesis  
  166  14:03  Centrifical Hooks  
  161  14:13  Zergling x6  
  161  14:14  Zergling x10  
  149  14:19  Hydralisk x4  
  125  14:35  Hydralisk x2  
  125  14:36  Hydralisk x5  
  134  14:46  Lurker x2  
  134  14:48  Zergling x16  
  134  14:49  Zergling x2  
  134  14:51  Extractor  
  142  14:52  Extractor  
  142  14:53  Extractor  
  142  14:55  Extractor, Ultralisk  
  142  14:57  Zerg Melee Weapons Level 3  
  114  15:13  Hydralisk x6  
  123  15:19  Hydralisk x2  
  123  15:21  Drone x5  
  126  15:22  Drone  
  118  15:40  Ultralisk  
  118  15:41  Hydralisk x2  
  125  15:45  Drone, Hydralisk  
  125  15:46  Drone  
  125  15:47  Zergling x6  
  125  15:48  Zergling x4  
  134  15:52  Drone x2  
  115  16:18  Drone x5  
  107  16:19  Drone  
  107  16:20  Ultralisk x2  
  107  16:21  Zergling x12  
  123  16:33  Drone  
  123  16:34  Zergling x4, Ultralisk  
  123  16:35  Zergling x2  
  133  16:46  Lurker x3  
  136  16:47  Hatchery  
  136  16:49  Drone  
  136  16:50  Hydralisk x2  
  132  16:58  Hatchery  
  132  16:59  Hydralisk  
  132  17:00  Hydralisk  
  131  17:01  Hatchery  
  131  17:03  Lurker  
  131  17:04  Drone  
  131  17:16  Lurker  
  80  17:55  Hatchery  
  80  17:58  Zergling x8  
  85  17:59  Zergling x4  
Show
View Real Time Build Order
Export as new Build Order

BUCS Zerg - Winner!

Build Orders: Hatch First, Lurkers 

Get SALT Encoding   

  12  0:00  Drone  
  13  0:10  Drone  
  14  0:19  Extractor, Drone  
  14  0:20  Extractor  
  13  0:22  Drone  
  13  0:27  Overlord  
  16  0:46  Drone  
  16  0:47  Drone  
  18  1:00  Hatchery  
  17  1:12  Spawning Pool  
  17  1:14  Drone  
  17  1:15  Extractor  
  17  1:16  Drone  
  17  1:28  Drone  
  18  1:39  Drone  
  19  1:48  Overlord  
  19  1:58  Queen  
  19  1:59  Zergling x2  
  22  2:12  Queen  
  22  2:15  Drone x2  
  26  2:23  Zergling x2  
  26  2:25  Metabolic Boost  
  27  2:33  Zergling x4  
  27  2:36  Drone  
  30  2:46  Zergling x4  
  32  2:55  Overlord  
  32  3:09  Drone x3  
  32  3:10  Overlord  
  35  3:28  Drone x7  
  35  3:31  Spore Crawler  
  35  3:32  Hatchery  
  40  3:34  Spore Crawler  
  40  3:39  Overlord  
  39  3:41  Overlord  
  39  3:47  Drone  
  39  3:48  Drone x2  
  42  3:52  Extractor  
  37  3:55  Extractor  
  34  4:04  Zergling x6  
  34  4:05  Zergling x4  
  39  4:12  Roach Warren  
  38  4:24  Overlord  
  36  4:51  Queen  
  38  4:56  Roach x8  
  38  4:57  Roach x3  
  60  5:07  Queen  
  60  5:11  Roach  
  65  5:14  Drone x5  
  66  5:44  Drone x11  
  66  5:47  Extractor  
  66  5:49  Extractor  
  75  5:50  Spore Crawler  
  75  5:57  Drone x3  
  77  6:06  Drone  
  77  6:07  Drone x2  
  80  6:11  Extractor  
  79  6:22  Lair  
  77  6:31  Drone x5  
  82  6:33  Overlord  
  82  6:34  Overlord  
  82  6:35  Overlord  
  82  6:56  Drone x3  
  82  6:57  Drone x2  
  82  6:58  Drone  
  82  6:59  Roach  
  82  7:00  Roach x2  
  94  7:16  Evolution Chamber  
  94  7:18  Evolution Chamber x2  
  91  7:31  Glial Reconstitution  
  91  7:38  Drone x3  
  91  7:43  Pneumatized Carapace  
  94  7:51  Spore Crawler, Overlord x3  
  94  7:53  Drone x3  
  94  7:55  Drone  
  94  7:56  Drone x4  
  101  8:05  Ravager  
  101  8:07  Ravager x4  
  101  8:09  Roach x4  
  101  8:10  Roach x7  
  101  8:11  Extractor, Hatchery  
  126  8:14  Zerg Missile Weapons Level 1  
  126  8:15  Zerg Ground Armor Level 1  
  126  8:16  Zerg Melee Weapons Level 1  
  126  8:20  Extractor  
  126  8:23  Drone  
  126  8:24  Hydralisk Den  
  126  8:26  Overseer x2  
  125  8:58  Grooved Spines  
  125  9:00  Overlord x3  
  125  9:12  Spore Crawler  
  124  9:19  Overlord  
  124  9:29  Overlord x3  
  124  9:36  Queen  
  126  9:38  Overlord x3  
  126  9:53  Infestation Pit  
  125  10:05  Drone x4  
  129  10:07  Hydralisk x3  
  129  10:08  Hydralisk x17  
  129  10:10  Muscular Augments  
  129  10:11  Spore Crawler  
  168  10:28  Hydralisk  
  168  10:29  Hydralisk x11  
  192  10:44  Spire  
  191  10:56  Drone x2  
  193  11:03  Hive  
  193  11:10  Hydralisk, Lurker Den  
  193  11:11  Hydralisk x3  
  196  11:32  Hydralisk x7  
  167  11:33  Hydralisk x9  
  169  11:42  Roach x5  
  115  11:59  Roach  
  115  12:00  Roach x7  
  121  12:10  Hydralisk x3  
  121  12:12  Lurker x2  
  121  12:13  Lurker x3  
  121  12:14  Zergling x2  
  122  12:47  Roach x2  
  122  12:48  Roach x10  
  144  12:52  Zerg Missile Weapons Level 2  
  124  13:26  Hydralisk x7  
  124  13:27  Hatchery, Hydralisk x4  
  134  13:39  Hydralisk x2  
  134  13:40  Hydralisk  
  135  14:05  Seismic Spines  
  135  14:06  Drone  
  135  14:07  Drone x3  
  135  14:22  Roach x10  
  135  14:23  Roach x3  
  135  14:24  Hatchery  
  160  14:25  Zerg Ground Armor Level 2  
  160  14:51  Extractor  
  159  14:55  Extractor  
  158  15:02  Adaptive Talons, Zerg Melee Weapons Level 2  
  158  15:04  Hydralisk  
  158  15:05  Hydralisk x9  
  178  15:49  Hydralisk x5  
  180  15:50  Hydralisk x6  
  178  16:09  Burrow  
  178  16:10  Roach  
  178  16:11  Roach x8  
  196  16:34  Spire  
  196  16:36  Corruptor  
  196  16:37  Corruptor  
  199  17:24  Overlord x3  
  167  17:40  Corruptor x3  
Show
View Real Time Build Order
Export as new Build Order

Johndave Protoss - Winner!

Build Orders:  

Get SALT Encoding   

  12  0:02  Probe  
  13  0:14  Probe  
  13  0:19  Pylon  
  14  0:26  Probe  
  15  0:38  Probe (Chrono Boost)  
  15  0:39  Gateway  
  16  0:48  Assimilator  
  17  0:50  Probe (Chrono Boost)  
  17  0:55  Probe (Chrono Boost)  
  18  0:59  Pylon  
  18  1:04  Probe  
  18  1:08  Assimilator  
  19  1:17  Probe  
  20  1:26  Cybernetics Core  
  20  1:29  Probe (Chrono Boost)  
  21  1:41  Probe (Chrono Boost)  
  21  1:44  Gateway  
  22  1:48  Probe (Chrono Boost)  
  22  1:52  Pylon  
  23  1:55  Probe  
  24  2:02  Stalker  
  24  2:07  Probe  
  27  2:43  Shield Battery  
  26  2:46  Stalker x2  
  30  2:52  Probe  
  31  3:07  Nexus  
  31  3:08  Probe  
  32  3:17  Pylon  
  32  3:25  Probe, Warp Gate (Chrono Boost)  
  33  3:29  Stalker  
  33  3:30  Sentry  
  37  3:37  Probe  
  38  3:46  Pylon  
  38  3:49  Probe  
  38  3:51  Gateway  
  39  3:57  Twilight Council  
  39  4:14  Shield Battery  
  39  4:20  Probe  
  39  4:21  Probe  
  39  4:23  Stalker x2  
  45  4:32  Probe  
  45  4:33  Shield Battery  
  40  4:52  Probe x2  
  42  4:57  Gateway  
  42  4:58  Shield Battery  
  43  5:00  Charge (Chrono Boost)  
  42  5:15  Stalker x2  
  46  5:36  Stalker  
  48  6:05  Stalker x4  
  48  6:06  Probe x2  
  48  6:10  Forge  
  58  6:14  Forge  
  58  6:19  Gateway  
  58  6:23  Templar Archives, Robotics Facility  
  58  6:30  Blink (Chrono Boost)  
  58  6:34  Assimilator  
  58  6:37  Assimilator  
  58  6:42  Stalker x4  
  58  6:45  Probe x2  
  68  6:48  Protoss Ground Weapons Level 1 (Chrono Boost)  
  68  6:58  Probe x2 (Chrono Boost)  
  70  7:03  Protoss Ground Armor Level 1 (Chrono Boost)  
  70  7:16  Pylon  
  70  7:34  Probe x2  
  72  7:38  Observer  
  72  7:43  Robotics Bay  
  73  7:47  Probe x2  
  73  7:48  High Templar  
  77  7:51  Photon Cannon  
  77  7:53  Photon Cannon  
  77  7:59  Probe  
  78  8:10  Nexus  
  78  8:13  Assimilator  
  78  8:14  Pylon  
  78  8:15  Assimilator  
  78  8:18  Pylon  
  78  8:32  Probe, Pylon x2  
  78  8:34  Colossus, Pylon  
  79  8:39  Extended Thermal Lance (Chrono Boost)  
  85  8:46  Protoss Shields Level 1 (Chrono Boost)  
  85  8:47  Zealot  
  87  8:54  Probe x2  
  89  8:58  Zealot  
  91  9:02  High Templar  
  91  9:06  Probe x2  
  95  9:18  Probe  
  96  9:35  Probe x2, Photon Cannon  
  96  9:37  Photon Cannon  
  98  9:39  High Templar x4  
  98  9:41  Probe  
  107  9:47  Probe  
  108  9:59  Photon Cannon x2  
  108  10:02  Shield Battery  
  108  10:05  Shield Battery  
  108  10:09  Colossus  
  114  10:28  Pylon  
  114  10:30  Pylon  
  114  10:40  Pylon  
  114  10:46  Pylon  
  114  10:55  Stargate  
  114  10:56  Stargate  
  114  10:58  Photon Cannon, Stargate  
  114  11:01  Photon Cannon  
  114  11:10  Zealot x2  
  114  11:11  Zealot x3  
  96  11:39  Colossus  
  88  11:41  Zealot x2  
  88  11:42  Zealot x3  
  72  11:54  Void Ray x2  
  72  11:55  Void Ray  
  84  12:07  Gateway  
  84  12:08  Gateway  
  84  12:09  Gateway  
  84  12:11  Stalker x2  
  88  12:22  Stalker x2  
  90  12:23  Stalker  
  94  12:32  Colossus  
  98  12:41  Probe x3  
  97  12:53  Void Ray x3  
  97  13:00  Zealot  
  97  13:01  Zealot x2  
  109  13:26  Colossus  
  107  13:39  Zealot  
  107  13:40  Zealot x7  
  113  14:04  Zealot x2  
  113  14:05  Zealot x2  
  113  14:06  Void Ray x3  
  133  14:19  Colossus  
  125  14:46  Stalker x4  
  125  14:48  High Templar x4  
  125  14:52  Archon  
  141  14:53  Archon  
  141  15:21  High Templar x4  
  149  15:29  Void Ray  
  153  15:47  Photon Cannon  
  153  15:58  Archon x2  
  153  16:05  Zealot x2  
  157  16:14  Pylon  
  157  16:15  Pylon  
  157  16:17  Pylon  
  157  16:18  Pylon  
  157  16:29  Nexus  
  157  16:32  Assimilator  
  155  16:35  Assimilator  
  155  16:39  Pylon  
  155  16:41  Pylon  
  155  16:46  Pylon  
  155  16:47  Pylon  
  155  16:49  Pylon  
  155  17:04  Colossus  
  161  17:19  Photon Cannon  
  161  17:21  Photon Cannon  
  161  17:22  Photon Cannon, Void Ray x2  
  161  17:25  Photon Cannon  
  161  17:26  Photon Cannon  
  161  18:15  High Templar x3  
  161  18:17  Zealot x5  
Tags
 
Add a new tag
Caveats
  • Supply blocks, unpowered buildings, or Contaminate may cause inaccurate times.
  • Supply counts are checked every 10 seconds.